 Dungeon Crawl Stone Soup version 0.31.0-9-g3a7656b989 (webtiles) character file.

Game seed: 9873228044602459757

352 Kallu the Apothecary (level 6, -4/41 HPs)
             Began as a Vampire Alchemist on Jan 29, 2024.
             Slain by a crocodile zombie (10 damage)
             ... in an ossuary.
             The game lasted 00:09:12 (3663 turns).

Kallu the Apothecary (Vampire Alchemist)            Turns: 3663, Time: 00:09:12

Health: -4/41      AC:  8    Str:  7    XL:     6   Next: 35%
Magic:  2/10       EV: 12    Int: 19    God:
Gold:   239        SH:  0    Dex: 15    Spells: 1/11 levels left

rFire   + . .        a - staff of alchemy
rCold   . . .        (no shield)
rNeg    . . .        j - +0 robe
rPois   +            u - +2 helmet
rElec   .            (no cloak)
rCorr   .            p - +1 pair of gloves
SInv    +            o - +0 pair of boots
Will    .....        (no amulet)
Stlth   +++          i - ring of protection from fire
HPRegen 0.46/turn    (no ring)
MPRegen 0.12/turn

%: no passive effects
@: very slightly contaminated, healing quickly
A: alive, fangs 3, see invisible, vampiric 2
a: Exsanguinate


You were in an ossuary.
You visited 1 branch of the dungeon, and saw 4 of its levels.
You also visited: Ossuary.

You collected 239 gold pieces.

Inventory:

Missiles
 q - 2 atropa-tipped darts
 r - 5 poisoned darts
Armour
 j - a +0 robe (worn)
 o - a +0 pair of boots (worn)
 p - a +1 pair of gloves (worn)
 u - a +2 helmet (worn)
Magical Staves
 a - a staff of alchemy (weapon)
Jewellery
 i - a ring of protection from fire (left hand)
Wands
 t - a wand of mindburst (16)
Scrolls
 d - a scroll of torment {unknown}
 e - a scroll of blinking {unknown}
 f - a scroll of acquirement {unknown}
 g - 2 scrolls of identify {unknown}
 h - 2 scrolls of teleportation {unknown}
 m - a scroll of poison {unknown}
 v - a scroll of enchant weapon {unknown}
Potions
 b - a potion of magic
 c - 2 potions of might {unknown}
 k - 3 potions of attraction {unknown}
 l - a potion of resistance {unknown}
 n - a potion of lignification {unknown}
 s - a potion of brilliance {unknown}


   Skills:
 - Level 2.5 Dodging
 - Level 4.1 Stealth
 - Level 3.0 Spellcasting
 - Level 1.0 Conjurations
 * Level 1.0 Fire Magic
 + Level 6.6 Alchemy


You had one spell level left.
You knew the following spells:

 Your Spells              Type           Power      Damage    Failure   Level
a - Sting                 Conj/Alch      100%       1d9       3%          1
b - Mercury Vapours       Alch/Air       46%        N/A       6%          2
c - Mephitic Cloud        Conj/Alch/Air  18%        N/A       16%         3
d - Sticky Flame          Fire/Alch      26%        2d6       30%         4

Your spell library contained the following spells:

 Spells                   Type           Power      Damage    Failure   Level
 Sandblast                Erth           4%         2d4       16%         1
 Cigotuvi's Dreadful Rot  Necr/Alch/Air  32%        N/A       10%         2
 Olgreb's Toxic Radiance  Alch           42%        N/A       10%         4
 Ignite Poison            Fire/Alch      26%        N/A       30%         4
 Stone Arrow              Conj/Erth      8%         3d7       36%         3
 Passwall                 Erth           2%         N/A       41%         3
 Brom's Barrelling Bould  Conj/Erth      4%         2d3       77%         4
 Freezing Cloud           Conj/Ice/Air   2%         6-21      98%         5
 Malign Gateway           Summ/Tloc      1%         N/A       100%        7
 Summon Horrible Things   Summ           1%         N/A       100%        8


Dungeon Overview and Level Annotations

Branches:
Dungeon (4/15)            Ossuary (1/1)
 Temple: D:4-7

Altars:

Shops:
D:2 *


Innate Abilities, Weirdness & Mutations

Your natural rate of healing is accelerated.
You have razor-sharp teeth.
You have supernaturally acute eyesight. (SInv)
You are afflicted with vampirism and can become a bat while bloodless.


Message History

The crocodile zombie bites you!
The crocodile zombie drags you backwards!
Splash!
The crocodile zombie attacks as it pursues you!
The crocodile zombie bites you but does no damage.
The crocodile zombie bites you.
The crocodile zombie drags you backwards!
Splash!
The bog mummy hits you but does no damage.
Casting: Sticky Flame (extremely dangerous; 34% risk of failure)
Confirm with . or Enter, or press ? or * to list all spells.
Aiming: Sticky Flame (extremely dangerous; 34% risk of failure)
Press: ? - help, Shift-Dir - straight line, f - bog mummy
Aim: a bog mummy You feel a surge of power!
The sticky flame hits the bog mummy!
The bog mummy is burned terribly!
The bog mummy is heavily damaged.
The bog mummy burns!
You destroy the bog mummy!
The crocodile zombie bites you but does no damage.
Your Fire Magic skill increases to level 1!
Unknown command.
Casting: Sticky Flame (quite dangerous; 30% risk of failure)
Confirm with . or Enter, or press ? or * to list all spells.
Aiming: Sticky Flame (quite dangerous; 30% risk of failure)
Press: ? - help, Shift-Dir - straight line, f - crocodile zombie
Aim: a crocodile zombie (heavily damaged)
You feel a surge of power!
You miscast Sticky Flame.
You are very lightly contaminated with residual magic.
You are blasted with searing flames!
You resist.
Unknown command.
Unknown command.
You barely miss the crocodile zombie.
The crocodile zombie is heavily damaged.
The crocodile zombie bites you!
* * * LOW HITPOINT WARNING * * *
The crocodile zombie drags you backwards!
The crocodile zombie attacks as it pursues you!
The crocodile zombie bites you!
You die...

#+#+#+#+#'#+#+
+...........~~
#.##'##+##+##~
+.#...#
###.#.∩.###
#.'.#..∩#.#
###.#####~#####~#
#.'....@Z~.~~~~~+
###.#####+#####~#
#P~~# #≈#~~# #
..~# ≈##.# #~ ...
# ~.# #.~


You could see a crocodile zombie.

Vanquished Creatures
  A scorpion (D:4)
  A bombardier beetle (D:4)
  A hound (D:4)
  An iguana (D:3)
  3 mummies (Ossuary)
  Robin (D:3)
  2 adders (D:2)
  A shadow imp (D:3)
  3 dart slugs
  4 orcs (D:3)
  5 ball pythons
  8 endoplasms
  3 giant cockroaches
  17 goblins
  19 hobgoblins
  3 jackals (D:2)
  3 quokkas
  8 bats
  2 frilled lizards
  7 kobolds
  3 rats (D:1)
  2 rat zombies (D:4)
98 creatures vanquished.

Notes
Turn   | Place    | Note
-------+----------+-------------------------------------------
     0 | D:1      | Kallu the Vampire Alchemist began the quest for the Orb.
     0 | D:1      | Reached XP level 1. HP: 13/13 MP: 3/3
   211 | D:1      | Reached XP level 2. HP: 19/19 MP: 0/5
   517 | D:1      | Reached skill level 1 in Conjurations
   608 | D:1      | Gained mutation: You are afflicted with vampirism and can
                  | become a bat while bloodless. [Vampire growth]
   608 | D:1      | Reached XP level 3. HP: 24/24 MP: 2/6
  1570 | D:2      | Reached XP level 4. HP: 29/30 MP: 2/8
  1660 | D:2      | Found Rautyuke's Assorted Antiques.
  1826 | D:2      | Learned a level 2 spell: Mercury Vapours
  1830 | D:2      | Reached skill level 4 in Alchemy
  2297 | D:3      | Learned a level 3 spell: Mephitic Cloud
  2891 | D:3      | Reached skill level 5 in Alchemy
  2891 | D:3      | Reached XP level 5. HP: 16/35 MP: 3/9
  3038 | D:3      | Noticed Robin
  3048 | D:3      | Killed Robin
  3337 | D:4      | Reached skill level 6 in Alchemy
  3337 | D:4      | Reached XP level 6. HP: 41/41 MP: 6/10
  3423 | D:4      | Learned a level 4 spell: Sticky Flame
  3445 | D:4      | Found a sand-covered staircase.
  3479 | Ossuary  | Entered an ossuary
  3661 | Ossuary  | Reached skill level 1 in Fire Magic
  3663 | Ossuary  | Slain by a crocodile zombie

Illustrated notes

Levels and vault maps discovered:
D:1:      mrwooster_arrival_arrow, layout_basic
D:2:      layout_basic, serial_shops, nicolae_shop_trees
D:3:      corexii_shack_village, layout_rooms, serial_bayou,
          serial_bayou_lake_a, serial_bayou_pond_e, serial_bayou_shore_a,
          serial_bayou_pond_e, minmay_misc_feat_cross, uniq_robin
D:4:      layout_rooms, enter_ossuary_4, grunt_decor_arrowhead,
          kennysheep_opposing_triangles
Ossuary:  ossuary_zaba_flooded

Skill      XL: |  1  2  3  4  5  6 |
---------------+-------------------+-----
Stealth        | 4 |  4.1
Conjurations   | 1 |  1.0
Spellcasting   | 3 |  3.0
Alchemy        | 5 6 |  6.6
Fire Magic     | 1 |  1.0
Dodging        | |  2.5

Action                     |  1- 3 |  4- 6 || total
---------------------------+-------+-------++-------
  Melee: Unarmed           |    21 |       ||    21
         Dagger            |    19 |       ||    19
         Bite              |     7 |    12 ||    19
         Punch             |     1 |     1 ||     2
         Staff             |    19 |   103 ||   122
   Cast: Sting             |    53 |    77 ||   130
         Mephitic Cloud    |       |     1 ||     1
         Sticky Flame      |       |     3 ||     3
   Stab: Sleeping          |     1 |     1 ||     2
 Armour: Robe              |    39 |    80 ||   119
  Dodge: Dodged            |    52 |    78 ||   130
